[ AOE2 MATCH · #484077331 ]
1v1 RMEthiopians vs Franks
Rival team · LOSS
[ REPLAY ANALYSIS · EXTRACTED FROM THE RECORDED GAME ]
Feudal
9:16
Castle
19:03
Imperial
33:22
| APM avg | 36.2 |
| APM peak | 76 |
| eAPM avg | 15.4 |
| Villagers / military | 111 / 74 |
Focus
⚔️ 23.4% · 🌾 76.6%
Shotel Warrior ×35 · Archer ×20 · Spearman ×13 · Mangonel ×2 · Trebuchet (Packed) ×2 · Monk ×1
Feudal
11:32
Castle
19:42
Imperial
44:29
| APM avg | 25.0 |
| APM peak | 41 |
| eAPM avg | 14.9 |
| Villagers / military | 134 / 176 |
Focus
⚔️ 27.1% · 🌾 72.9%
Skirmisher ×115 · Knight ×42 · Spearman ×14 · Scout Cavalry ×3 · Monk ×2
Match map
Initial resources + every placement click. Lines = walls · curves = elevation contours. ◆ gold · ⬟ stone · ● berries · ✦ relic · ◌ wall gap
Your base· Open — unwalled flank
sefasahan35's base· ✓ Closed at 19:42 · 38t walls · 2 gate(s)
Smoothed initial terrain · ◌ = detected wall gap · hover for details
Inputs per minute
— 狗狗汪汪 - - sefasahan35
Build order — 狗狗汪汪
First 150 of 230 actions detected
| 0:01 | Create | Villager (Male) ×4 |
| 0:02 | Build | House |
| 0:04 | Build | House |
| 0:48 | Research | Loom |
| 1:25 | Create | Villager (Male) |
| 2:00 | Create | Villager (Male) |
| 2:00 | Create | Villager (Male) |
| 2:40 | Create | Villager (Male) |
| 3:00 | Create | Villager (Male) |
| 3:01 | Create | Villager (Male) |
| 3:30 | Build | House |
| 3:37 | Create | Villager (Male) |
| 4:05 | Create | Villager (Male) |
| 4:06 | Create | Villager (Male) |
| 4:10 | Build | Lumber Camp |
| 4:21 | Create | Villager (Male) |
| 4:46 | Create | Villager (Male) |
| 5:24 | Create | Villager (Male) |
| 5:48 | Create | Villager (Male) |
| 6:25 | Build | Mill |
| 6:40 | Create | Villager (Male) |
| 7:03 | Research | Feudal Age |
| 7:08 | Build | House |
| 8:13 | Create | Villager (Male) |
| 9:15 | Build | Barracks |
| 9:16 | Age | Feudal Age |
| 9:51 | Create | Villager (Male) |
| 10:07 | Build | House |
| 10:21 | Build | Mining Camp |
| 10:24 | Create | Villager (Male) |
| 10:27 | Create | Spearman |
| 10:28 | Create | Spearman |
| 10:38 | Create | Villager (Male) |
| 10:45 | Create | Villager (Male) |
| 11:00 | Build | Blacksmith |
| 11:16 | Create | Spearman |
| 11:21 | Create | Villager (Male) |
| 11:40 | Research | Double-Bit Axe |
| 11:59 | Build | Palisade Wall |
| 12:07 | Create | Villager (Male) |
| 12:10 | Build | Farm |
| 12:31 | Create | Villager (Male) |
| 12:34 | Build | Farm |
| 12:42 | Build | House |
| 13:17 | Build | Archery Range |
| 13:40 | Create | Villager (Male) |
| 13:42 | Build | Farm |
| 13:52 | Build | House |
| 14:05 | Build | Farm |
| 14:09 | Build | Farm |
| 14:12 | Create | Villager (Male) |
| 14:20 | Create | Archer |
| 14:37 | Build | Palisade Wall |
| 14:41 | Build | Farm |
| 14:42 | Create | Villager (Male) |
| 14:45 | Build | House |
| 14:59 | Create | Archer |
| 15:05 | Build | House |
| 15:21 | Build | Farm |
| 15:22 | Create | Villager (Male) |
| 15:26 | Create | Archer |
| 15:29 | Build | House |
| 15:30 | Build | House |
| 15:33 | Build | House |
| 15:34 | Build | House |
| 15:41 | Create | Archer |
| 15:44 | Create | Villager (Male) |
| 15:55 | Build | Farm |
| 16:10 | Build | Palisade Wall |
| 16:19 | Create | Villager (Male) |
| 16:21 | Build | Farm |
| 16:23 | Research | Castle Age |
| 16:26 | Create | Archer |
| 16:28 | Create | Archer |
| 16:45 | Build | Palisade Gate |
| 16:49 | Research | Horse Collar |
| 16:54 | Create | Archer |
| 16:59 | Research | Fletching |
| 17:22 | Build | Farm |
| 17:23 | Build | Farm |
| 17:24 | Build | Farm |
| 17:26 | Build | Farm |
| 17:50 | Build | Mining Camp |
| 18:04 | Create | Archer |
| 18:11 | Research | Padded Archer Armor |
| 18:27 | Create | Archer |
| 18:40 | Create | Villager (Male) |
| 19:03 | Age | Castle Age |
| 19:04 | Create | Villager (Male) |
| 19:10 | Build | Town Center |
| 19:20 | Research | Crossbowman (upgrade) |
| 19:42 | Research | Bodkin Arrow |
| 19:49 | Create | Villager (Male) |
| 20:04 | Create | Archer |
| 20:55 | Research | Town Watch |
| 20:56 | Create | Villager (Male) ×4 |
| 21:00 | Build | Farm |
| 21:03 | Create | Villager (Male) |
| 21:19 | Build | Stable |
| 21:33 | Create | Villager (Male) |
| 21:43 | Build | Farm |
| 21:44 | Create | Villager (Male) |
| 22:28 | Build | Farm |
| 22:33 | Build | Town Center |
| 22:55 | Build | Farm |
| 22:57 | Research | Stone Mining |
| 22:58 | Research | Gold Mining |
| 23:01 | Create | Villager (Male) ×3 |
| 23:03 | Build | Farm |
| 23:54 | Build | Monastery |
| 24:06 | Create | Villager (Male) |
| 24:07 | Create | Villager (Male) |
| 24:11 | Research | Bow Saw |
| 24:46 | Build | Farm |
| 24:51 | Create | Villager (Male) ×5 |
| 25:25 | Create | Monk |
| 25:29 | Build | Farm |
| 25:32 | Create | Villager (Male) ×5 |
| 26:02 | Create | Villager (Male) ×3 |
| 26:23 | Create | Villager (Male) |
| 26:37 | Build | Castle |
| 26:41 | Create | Villager (Male) |
| 26:46 | Build | Lumber Camp |
| 26:49 | Create | Villager (Male) |
| 26:52 | Build | Farm |
| 26:55 | Research | Squires |
| 27:02 | Create | Archer ×5 |
| 27:20 | Build | House |
| 27:23 | Build | House |
| 27:36 | Create | Villager (Male) |
| 27:39 | Build | Farm |
| 29:32 | Create | Villager (Male) ×5 |
| 29:52 | Create | Shotel Warrior |
| 30:02 | Build | University |
| 30:12 | Research | Imperial Age |
| 30:15 | Create | Villager (Male) |
| 30:15 | Create | Villager (Male) |
| 30:33 | Build | House |
| 30:34 | Build | House |
| 30:45 | Build | Siege Workshop |
| 30:53 | Build | Farm |
| 30:56 | Build | Farm |
| 30:59 | Create | Villager (Male) |
| 31:00 | Create | Villager (Male) |
| 31:06 | Create | Villager (Male) |
| 31:26 | Create | Spearman ×5 |
| 31:33 | Create | Archer ×5 |
| 31:38 | Build | Archery Range |
| 31:43 | Build | Archery Range |
| 31:52 | Research | Wheelbarrow |
Build order — sefasahan35
First 150 of 444 actions detected
| 0:03 | Build | House |
| 0:05 | Build | House |
| 0:08 | Create | Villager (Male) |
| 0:09 | Create | Villager (Male) |
| 0:09 | Create | Villager (Male) |
| 0:09 | Create | Villager (Male) |
| 1:38 | Create | Villager (Male) |
| 1:38 | Create | Villager (Male) |
| 1:54 | Build | Lumber Camp |
| 1:57 | Create | Villager (Male) |
| 1:58 | Create | Villager (Male) |
| 2:26 | Create | Villager (Male) |
| 2:59 | Create | Villager (Male) |
| 3:06 | Create | Villager (Male) |
| 3:06 | Create | Villager (Male) |
| 3:36 | Create | Villager (Male) |
| 3:37 | Create | Villager (Male) |
| 4:07 | Build | House |
| 4:22 | Create | Villager (Male) |
| 4:22 | Create | Villager (Male) |
| 4:28 | Build | Mill |
| 4:34 | Create | Villager (Male) |
| 4:34 | Create | Villager (Male) |
| 5:12 | Create | Villager (Male) |
| 5:12 | Create | Villager (Male) |
| 5:13 | Create | Villager (Male) |
| 5:20 | Create | Villager (Male) |
| 5:20 | Create | Villager (Male) |
| 5:28 | Build | House |
| 5:37 | Create | Villager (Male) |
| 6:07 | Create | Villager (Male) |
| 6:07 | Create | Villager (Male) |
| 6:36 | Create | Villager (Male) |
| 6:39 | Create | Villager (Male) |
| 6:52 | Create | Villager (Male) |
| 6:56 | Research | Loom |
| 8:58 | Research | Feudal Age |
| 10:15 | Build | Barracks |
| 10:19 | Build | House |
| 10:22 | Build | House |
| 10:26 | Build | Palisade Wall |
| 10:58 | Build | House |
| 11:03 | Build | Palisade Wall |
| 11:32 | Age | Feudal Age |
| 11:37 | Create | Villager (Male) |
| 11:37 | Create | Villager (Male) |
| 11:40 | Research | Double-Bit Axe |
| 11:47 | Build | Stable |
| 11:53 | Build | Farm |
| 11:53 | Build | Farm |
| 11:53 | Build | Farm |
| 11:54 | Build | Farm |
| 11:54 | Build | Farm |
| 11:54 | Build | Farm |
| 11:55 | Build | Farm |
| 11:57 | Build | Farm |
| 12:06 | Create | Villager (Male) |
| 12:06 | Create | Villager (Male) |
| 12:23 | Build | Farm |
| 12:23 | Build | Farm |
| 12:23 | Build | Farm |
| 12:24 | Build | Farm |
| 12:24 | Build | Farm |
| 12:24 | Build | Farm |
| 12:49 | Build | Mining Camp |
| 13:00 | Create | Villager (Male) |
| 13:00 | Create | Villager (Male) |
| 13:05 | Create | Villager (Male) |
| 13:05 | Create | Villager (Male) |
| 13:20 | Build | House |
| 13:27 | Create | Scout Cavalry |
| 13:27 | Create | Scout Cavalry |
| 13:43 | Build | Farm |
| 13:48 | Build | Farm |
| 13:49 | Build | Farm |
| 13:50 | Build | Farm |
| 13:52 | Build | Farm |
| 13:57 | Create | Villager (Male) |
| 14:11 | Build | Farm |
| 14:31 | Build | Farm |
| 14:49 | Build | Farm |
| 14:50 | Build | Farm |
| 14:51 | Build | Farm |
| 14:52 | Build | Farm |
| 15:15 | Create | Villager (Male) |
| 15:15 | Create | Villager (Male) |
| 15:45 | Create | Villager (Male) |
| 15:45 | Create | Villager (Male) |
| 16:04 | Build | Blacksmith |
| 16:22 | Build | Palisade Wall |
| 16:26 | Build | Palisade Wall |
| 16:34 | Build | Palisade Wall |
| 16:36 | Build | Palisade Wall |
| 16:53 | Build | Palisade Wall |
| 16:55 | Research | Castle Age |
| 17:16 | Build | Palisade Gate |
| 17:43 | Build | Lumber Camp |
| 17:57 | Build | Palisade Gate |
| 18:06 | Build | House |
| 18:19 | Build | House |
| 19:11 | Build | Mining Camp |
| 19:16 | Create | Villager (Male) |
| 19:16 | Create | Villager (Male) |
| 19:42 | Age | Castle Age |
| 19:45 | Research | Bow Saw |
| 19:54 | Build | Town Center |
| 20:07 | Build | Town Center |
| 20:11 | Create | Villager (Male) |
| 20:11 | Create | Villager (Male) |
| 20:18 | Build | Archery Range |
| 20:19 | Build | Archery Range |
| 20:24 | Build | Archery Range |
| 20:25 | Create | Villager (Male) |
| 20:26 | Create | Villager (Male) |
| 20:33 | Create | Villager (Male) |
| 20:34 | Create | Villager (Male) |
| 21:09 | Build | Stable |
| 21:10 | Build | Stable |
| 21:28 | Build | Stable |
| 21:32 | Create | Knight |
| 21:32 | Create | Knight |
| 21:39 | Create | Villager (Male) |
| 21:40 | Create | Villager (Male) |
| 21:44 | Build | Archery Range |
| 21:45 | Build | Archery Range |
| 21:48 | Build | Archery Range |
| 21:53 | Create | Villager (Male) |
| 21:53 | Create | Villager (Male) |
| 21:54 | Create | Villager (Male) |
| 22:02 | Build | House |
| 22:07 | Build | House |
| 22:33 | Create | Villager (Male) |
| 22:34 | Create | Villager (Male) |
| 22:37 | Research | Elite Skirmisher (upgrade) |
| 22:37 | Create | Skirmisher |
| 22:38 | Create | Skirmisher |
| 22:38 | Create | Skirmisher |
| 22:56 | Build | Market |
| 23:33 | Create | Skirmisher |
| 23:34 | Create | Skirmisher |
| 23:46 | Build | Archery Range |
| 23:47 | Build | Archery Range |
| 23:49 | Create | Villager (Male) |
| 23:49 | Create | Villager (Male) |
| 23:50 | Create | Villager (Male) |
| 23:50 | Create | Villager (Male) |
| 24:00 | Research | Gold Mining |
| 24:04 | Create | Skirmisher |
| 24:05 | Create | Skirmisher |
| 24:10 | Research | Fletching |
Match timeline
| 9:15 | 狗狗汪汪 · first_building Barracks |
| 9:16 | 狗狗汪汪 · age_up feudal |
| 10:15 | sefasahan35 · first_building Barracks |
| 10:26 | sefasahan35 · wall_segment Palisade Wall x1 |
| 11:03 | sefasahan35 · wall_segment Palisade Wall x1 |
| 11:32 | sefasahan35 · age_up feudal |
| 11:47 | sefasahan35 · first_building Stable |
| 11:59 | 狗狗汪汪 · wall_segment Palisade Wall x15 |
| 13:17 | 狗狗汪汪 · first_building Archery Range |
| 14:37 | 狗狗汪汪 · wall_segment Palisade Wall x1 |
| 16:10 | 狗狗汪汪 · wall_segment Palisade Wall x1 |
| 16:22 | sefasahan35 · wall_segment Palisade Wall x6 |
| 16:26 | sefasahan35 · wall_segment Palisade Wall x15 |
| 16:34 | sefasahan35 · wall_segment Palisade Wall x5 |
| 16:36 | sefasahan35 · wall_segment Palisade Wall x5 |
| 16:53 | sefasahan35 · wall_segment Palisade Wall x5 |
| 19:03 | 狗狗汪汪 · age_up castle |
| 19:42 | sefasahan35 · age_up castle |
| 20:18 | sefasahan35 · first_building Archery Range |
| 21:19 | 狗狗汪汪 · first_building Stable |
| 23:54 | 狗狗汪汪 · first_building Monastery |
| 24:32 | sefasahan35 · first_market_sell 100 food |
| 26:37 | 狗狗汪汪 · first_building Castle |
| 30:45 | 狗狗汪汪 · first_building Siege Workshop |
| 33:22 | 狗狗汪汪 · age_up imperial |
| 39:07 | sefasahan35 · first_building Monastery |
| 39:14 | sefasahan35 · first_building Castle |
| 44:29 | sefasahan35 · age_up imperial |
| 46:19 | sefasahan35 · resign |
[ AI ANALYSIS · 1 CREDIT ]
What really happened in this match?
Wolo.gg analyzes every decision: build order, eco, micro, common mistakes by bracket. Personalized analysis on WhatsApp or Discord in 30 seconds.
Civ guide
Ethiopians
Map guide
Arabia
Perfil
Jugador #20693069